 Dungeon Crawl Stone Soup version v1.3-6-gcec1249 (webtiles) character file.

872 Jacco the Conjurer (level 8, -3/45 HPs)
             Began as an Avariel Conjurer on Oct 19, 2018.
             Slain by iishen's ghost (11 damage)
             ... on level 5 of the Dungeon.
             The game lasted 00:27:01 (5512 turns).

Jacco the Conjurer (Avariel Conjurer)               Turns: 5512, Time: 00:27:02

Health: -3/45      AC: 11    Str:  4    XL:     8   Next: 4%
Magic:  3/30       EV: 12    Int: 24    God:
Gold:   237        SH:  0    Dex: 13    Spells: 7/19 levels left

rFire    + . .     SeeInvis +   b - +1 short sword (protect)
rCold    . . .     Gourm    .   (no shield)
rNeg     . . .     Faith    .   i - +1 robe of Ovycvosch {rF+ MP+9} (curse)
rPois    +         Spirit   .   (helmet restricted)
rElec    +         Reflect  .   (no cloak)
rCorr    .         Harm     .   (no gloves)
MR       .....     Rnd*Rage +   q - +0 pair of boots
Stlth    ++........             (no amulet)
HPRegen  0.15/turn              o - ring of insulation
MPRegen  0.22/turn              g - ring of see invisible

@: protection aura
A: horns 1, berserk 1, high mp 1, poison resistance, weak 1
a: no special abilities


You were on level 5 of the Dungeon.
You were not hungry.

You visited 2 branches of the dungeon, and saw 6 of its levels.

You collected 237 gold pieces.

Inventory:

Hand Weapons
 b - a +1 short sword of protection (weapon)
Missiles
 f - 70 arrows
Armour
 i - the cursed +1 robe of Ovycvosch (worn) {rF+ MP+9}
   (You found it on level 4 of the Dungeon)

   It protects you from fire.
   It affects your magic capacity (+9).
   It has a curse placed upon it.
 q - a +0 pair of boots (worn)
Jewellery
 g - a ring of see invisible (right hand)
 o - a ring of insulation (left hand)
Scrolls
 j - 3 scrolls of teleportation
 l - 2 scrolls of blinking
 n - a scroll of remove curse
 p - 3 scrolls of amnesia {unknown}
Potions
 a - a potion of berserk rage
 e - 2 potions of haste
 m - a potion of flight
Comestibles
 c - 9 rations


   Skills:
 + Level 2.4 Fighting
 + Level 3.0 Short Blades
 - Level 2.1 Dodging
 - Level 2.0 Stealth
 * Level 6.4 Spellcasting
 + Level 7.8 Conjurations
 - Level 3.1 Hexes
 - Level 2.0 Transmutations


You had 7 spell levels left.
You knew the following spells:

 Your Spells              Type           Power        Failure   Level  Hunger
a - Magic Dart            Conj           ####         1%          1    None
b - Searing Ray           Conj           #####.       1%          2    None
c - Dazzling Spray        Conj/Hex       ####..       2%          3    None
d - Iskenderun's Mystic   Conj           #####...     3%          4    ###....
e - Sticks to Snakes      Tmut           ###.....     4%          2    None

Your spell library contained the following spells:

 Spells                   Type           Power        Failure   Level  Hunger
 Confuse                  Hex            ###.....     6%          3    None
 Spider Form              Tmut/Pois      ##........   16%         3    None
 Blade Hands              Tmut           ###.......   67%         5    #####..
 Ice Form                 Ice/Tmut       ##......     45%         4    ###....
 Confusing Touch          Hex            ###...       1%          1    None
 Metabolic Englaciation   Hex/Ice        ###.......   73%         5    #####..
 Petrify                  Tmut/Erth      ##......     45%         4    ###....
 Beastly Appendage        Tmut           ###...       3%          1    None
 Fulminant Prism          Conj/Hex       ####......   8%          4    ###....
 Force Lance              Conj/Tloc      ####....     16%         4    ###....
 Gell's Gravitas          Tloc           #.........   22%         3    None
 Yara's Violent Unravell  Hex/Tmut       ###.......   58%         5    #####..


Dungeon Overview and Level Annotations

Branches:
Dungeon (5/12)             Temple (1/1) D:5

Altars:
Ashenzari
Dithmenos
Fedhas
Gozag
Jiyva
Lugonu
Makhleb
Okawaru
Qazlal
Trog
Uskayaw
Wu Jian
Xom
The Shining One

Annotations:
D:5 1 transporter, iishen's ghost, amateur MiAc


Innate Abilities, Weirdness & Mutations

You have a pair of small horns on your head.
You tend to lose your temper in combat.
You have an increased reservoir of magic. (+10% MP)
Your system is resistant to poisons. (rPois)
You are weak. (Str -2)


Message History

Iishen's ghost is almost destroyed.
Iishen's ghost hits you but does no damage.
You completely miss iishen's ghost.
Iishen's ghost is almost destroyed.
You hit iishen's ghost but do no damage.
Iishen's ghost is almost destroyed.
Iishen's ghost hits you.
You hit iishen's ghost but do no damage.
Your headbutt misses iishen's ghost.
Iishen's ghost is almost destroyed.
Iishen's ghost hits you.
* * * LOW HITPOINT WARNING * * *
You miss iishen's ghost.
Iishen's ghost is almost destroyed.
Iishen's ghost hits you.
* * * LOW HITPOINT WARNING * * *
You completely miss iishen's ghost. Your headbutt misses iishen's ghost.
Iishen's ghost is almost destroyed.
Iishen's ghost hits you!
You die...

#..#########..#
#.##8.$$..8##.#
#.#©........#.# #####
#.#..#...#..#.# ##PPP##
#.#.#?....#.#.# #P...P#
#.#....©....#.# #P.>.P#
#.#.#.....#.#.# #P...P#
#.#..#W..#..#.# ##P.P##
#.#.[.@.....#.# ##'##
#.##8.....8##.# #.#
#..#########..#####.###
##.....©...............
#####........#########
##...##### # ##### ###
#.. #.#


You could see iishen's ghost.

Vanquished Creatures
  The ghost of TwoGrow the Ducker, an amateur OnEE (D:4)
  A sky beast (D:5)
  An ogre (D:5)
  A scorpion (D:4)
  2 howler monkeys (D:4)
  2 orc wizards (D:3)
  2 orc priests
  A centaur skeleton (D:4)
  A hound (D:5)
  2 worker ants (D:4)
  A hound skeleton (D:5)
  7 gnolls
  6 adders
  An ooze (D:4)
  An adder zombie (D:5)
  4 worms (D:2)
  3 dart slugs
  6 leopard geckos
  9 orcs
  3 ball pythons
  4 giant cockroaches
  2 goblins
  3 hobgoblins
  2 jackals (D:4)
  7 kobolds
  3 quokkas
  3 bats
  4 frilled lizards
  8 rats
91 creatures vanquished.

Vanquished Creatures (collateral kills)
  A quokka (D:5)
  A leopard gecko skeleton (D:5)
2 creatures vanquished.

Grand Total: 93 creatures vanquished

Notes
Turn   | Place    | Note
-------+----------+-------------------------------------------
     0 | D:1      | Jacco the Avariel Conjurer began the quest for the Orb.
     0 | D:1      | Reached XP level 1. HP: 10/10 MP: 6/6
   164 | D:1      | Reached XP level 2. HP: 15/15 MP: 5/8
   804 | D:1      | Learned a level 2 spell: Searing Ray
   890 | D:2      | Reached XP level 3. HP: 19/19 MP: 3/10
   897 | D:2      | Reached skill level 6 in Conjurations
  1482 | D:2      | Reached XP level 4. HP: 24/24 MP: 7/12
  2022 | D:2      | Learned a level 3 spell: Dazzling Spray
  2027 | D:2      | Learned a level 4 spell: Iskenderun's Mystic Blast
  2141 | D:3      | Found a stormy altar of Qazlal.
  2239 | D:3      | Reached skill level 1 in Short Blades
  2241 | D:3      | Reached XP level 5. HP: 18/28 MP: 0/13
  2375 | D:3      | Reached skill level 1 in Fighting
  2408 | D:3      | Gained mutation: You have a pair of small horns on your head. [potion of mutation]
  2408 | D:3      | Gained mutation: Scrolls take you a little longer to read. [potion of mutation]
  2408 | D:3      | Gained mutation: You tend to lose your temper in combat. [potion of mutation]
  2408 | D:3      | Gained mutation: You are partially covered in large bone plates. (SH +4) [potion of mutation]
  2412 | D:3      | Reached skill level 5 in Spellcasting
  2412 | D:3      | Reached skill level 7 in Conjurations
  2692 | D:3      | Learned a level 2 spell: Sticks to Snakes
  2925 | D:3      | Reached XP level 6. HP: 34/34 MP: 10/15
  3090 | D:3      | Found a faded altar of an unknown god.
  3216 | D:4      | Lost mutation: You are partially covered in large bone plates. (SH +4) [potion of mutation]
  3216 | D:4      | Lost mutation: Scrolls take you a little longer to read. [potion of mutation]
  3216 | D:4      | Gained mutation: You are weak. (Str -2) [potion of mutation]
  3216 | D:4      | Gained mutation: Your system is resistant to poisons. (rPois) [potion of mutation]
  3216 | D:4      | Gained mutation: You have an increased reservoir of magic. (+10% MP) [potion of mutation]
  3230 | D:4      | Found a shattered altar of Ashenzari.
  3245 | D:4      | Reached skill level 1 in Hexes
  3302 | D:4      | Reached skill level 1 in Transmutations
  3557 | D:4      | Found a large runed door.
  3557 | D:4      | Found a large runed door.
  3561 | D:4      | Noticed TwoGrow's ghost (amateur OnEE)
  3887 | D:4      | Reached XP level 7. HP: 39/39 MP: 13/18
  3895 | D:4      | Got a thick robe
  3906 | D:4      | Identified the cursed +1 robe of Ovycvosch {rF+ MP+9} (You found it on level 4 of the Dungeon)
  4046 | D:4      | Found a viscous altar of Jiyva.
  4397 | D:4      | Killed TwoGrow's ghost
  4589 | D:5      | Entered Level 5 of the Dungeon
  4711 | D:5      | Found an opulent altar of Gozag.
  4744 | D:5      | Reached XP level 8. HP: 45/45 MP: 19/21
  4841 | D:5      | Found a transporter.
  4852 | D:5      | Noticed iishen's ghost (amateur MiAc)
  4855 | D:5      | Found a transporter.
  4880 | D:5      | Found a staircase to the Ecumenical Temple.
  4886 | Temple   | Entered the Ecumenical Temple
  5072 | D:5      | Noticed a hand axe
  5073 | D:5      | Noticed a hand axe
  5074 | D:5      | Found a hide-covered altar of Uskayaw.
  5512 | D:5      | Slain by iishen's ghost

Skill      XL: |  1  2  3  4  5  6  7 |
---------------+----------------------+-----
Spellcasting   | 3 4 5 6 |  6.4
Conjurations   | 6 7 |  7.8
Short Blades   | 1 2 3 |  3.0
Fighting       | 1 2 |  2.4
Hexes          | 2 3 |  3.1
Transmutations | 1 2 |  2.0
Dodging        | |  2.1
Stealth        | |  2.0

Action                   |  1- 3 |  4- 6 |  7- 9 || total
-------------------------+-------+-------+-------++-------
Melee: Short sword       |     6 |    47 |    36 ||    89
       Headbutt          |       |     4 |     4 ||     8
 Cast: Magic Dart        |    74 |    85 |    27 ||   186
       Iskenderun's Myst |       |     5 |     4 ||     9
       Searing Ray       |       |     5 |     4 ||     9
       Dazzling Spray    |       |     2 |     6 ||     8
       Sticks to Snakes  |       |       |    19 ||    19
  Use: Scroll            |     1 |     9 |       ||    10
       Potion            |       |     9 |     2 ||    11
 Stab: Invisible         |       |     3 |       ||     3
  Eat: Chunk             |     2 |     8 |     2 ||    12
       Ration            |       |       |     1 ||     1
Armor: Robe              |       |     6 |    12 ||    18
Dodge: Dodged            |     6 |    55 |    26 ||    87
